 Dungeon Crawl Stone Soup version 0.20.0-15-g7f486f2 (webtiles) character file.

155 KleinerIrrer the Shield-Bearer (level 5, -6/33 HPs)
             Began as a Gargoyle Fighter on June 25, 2017.
             Mangled by a gnoll
             ... wielding a +0 halberd
              (9 damage)
             ... on level 3 of the Dungeon.
             The game lasted 00:03:32 (1277 turns).

KleinerIrrer the Shield-Bearer (Gargoyle Fighter)   Turns: 1277, Time: 00:03:32

Health: -6/33      AC: 11    Str: 25    XL:     5   Next: 37%
Magic:  5/5        EV:  8    Int:  9    God:
Gold:   81         SH: 10    Dex:  9    Spells: 4/4 levels left

rFire    . . .     SeeInvis .   g - +2 spear (pain)
rCold    . . .     Gourm    .   c - +0 shield
rNeg     + . .     Faith    .   b - +0 scale mail
rPois    ∞         Spirit   .   (no helmet)
rElec    +         Reflect  .   (no cloak)
rCorr    .         Harm     .   (no gloves)
MR       .....                  (no boots)
Stlth    ..........             (no amulet)
Regen    0.2/turn               (no ring)
MPRegen  0.1/turn               (no ring)

@: mighty
A: negative energy resistance 1, electricity resistance, unbreathing,
petrification resistance, rot immunity, AC +4
a: no special abilities


You were on level 3 of the Dungeon.
You were not hungry.

You visited 1 branch of the dungeon, and saw 3 of its levels.

You collected 81 gold pieces.

Inventory:

Hand Weapons
 a - a +0 flail
 g - a +2 spear of pain (weapon)
 l - a -2 mace
Armour
 b - a +0 scale mail (worn)
 c - a +0 shield (worn)
Scrolls
 e - 2 scrolls of identify
 j - a scroll of random uselessness {unknown}
 k - a scroll of blinking
Comestibles
 f - 2 bread rations
 h - a royal jelly
 i - 4 chunks of flesh


   Skills:
 + Level 4.1 Fighting
 + Level 2.7 Maces & Flails
 + Level 4.0 Armour
 + Level 1.3 Dodging
 + Level 0.2 Stealth
 + Level 4.4 Shields


You had 4 spell levels left.
You didn't know any spells.

Dungeon Overview and Level Annotations

Branches:
Dungeon (3/15)

Altars:
Dithmenos


Innate Abilities, Weirdness & Mutations

You are resistant to torment.
Your stone body is resilient. (AC +4)
You are immune to poison.
You resist negative energy. (rN+)
You are resistant to electric shocks. (rElec)
You can survive without breathing.
You are immune to petrification.
You are immune to rotting.


Message History

The gnoll hits you from afar with a halberd!
* * * LOW HITPOINT WARNING * * *
Attack whom?
Press: ? - help, Dir - move target cursor, f/p - gnoll
Aim: a gnoll, wielding a halberd (lightly wounded)
You reach to attack!
You hit the gnoll.
The gnoll is moderately wounded.
The gnoll closely misses you.
You feel very mighty all of a sudden.
Attack whom?
Press: ? - help, Dir - move target cursor, f - gnoll, p - gnoll
Aim: a gnoll, wielding a halberd You reach to attack!
You closely miss the gnoll.
Attack whom?
Press: ? - help, Dir - move target cursor, f/p - gnoll
Aim: a gnoll, wielding a halberd You reach to attack!
Your scale mail prevents you from hitting the gnoll.
The gnoll hits you from afar with a halberd!
You die...

##..........#####..
#............. #..
##.###.....##. #..
#.# #.....# #.. #.#
#.....# #.. #.#
#.....# ### #.#
#.....#
#.###.....##
#@.gg......#
#####†.....#
......# ......#
#####.# #


You could see 2 gnolls.

Vanquished Creatures
  The ghost of koelner the Stinger, a weakling DsVM (D:3)
  7 adders
  A gnoll (D:3)
  3 oozes
  A worm (D:2)
  A dart slug (D:3)
  5 leopard geckos
  An orc (D:3)
  2 giant cockroaches
  3 goblins
  2 hobgoblins
  9 jackals
  2 quokkas
  5 bats
  2 frilled lizards
  A kobold (D:2)
  3 rats
49 creatures vanquished.

Notes
Turn   | Place    | Note
-------+----------+-------------------------------------------
     0 | D:1      | KleinerIrrer the Gargoyle Fighter began the quest for the Orb.
     0 | D:1      | Reached XP level 1. HP: 14/14 MP: 1/1
   116 | D:1      | Reached XP level 2. HP: 19/19 MP: 2/2
   221 | D:2      | Found a shadowy altar of Dithmenos.
   254 | D:2      | Reached XP level 3. HP: 13/23 MP: 3/3
   620 | D:2      | Reached XP level 4. HP: 28/28 MP: 4/4
   688 | D:2      | Reached skill level 1 in Dodging
   972 | D:3      | Noticed koelner's ghost (weakling DsVM)
   978 | D:3      | Killed koelner's ghost
   978 | D:3      | Reached XP level 5. HP: 33/33 MP: 5/5
  1277 | D:3      | Mangled by a gnoll

Skill      XL: |  1  2  3  4  5 |
---------------+----------------+-----
Shields        | 4 |  4.4
Dodging        | 1 |  1.3
Fighting       | 4 |  4.1
Armour         | 4 |  4.0
Maces & Flails | |  2.7
Stealth        | |  0.2

Action                   |  1- 3 |  4- 6 || total
-------------------------+-------+-------++-------
Melee: Flail             |    76 |       ||    76
       Spear             |    21 |   141 ||   162
  Use: Scroll            |       |     3 ||     3
       Potion            |       |     1 ||     1
  Eat: Chunk             |       |     2 ||     2
Armor: Scale mail        |    57 |    81 ||   138
Dodge: Dodged            |    36 |    59 ||    95
Block: Shield            |    71 |    86 ||   157
